 Dungeon Crawl Stone Soup version 0.27.1-2-g3b301248ec (webtiles) character file.

Game seed: 14653152457598719186

1035 AZSletch the Ducker (level 8, -3/61 HPs)
             Began as a Merfolk Summoner on Oct 3, 2021.
             Was a Follower of Sif Muna.
             Slain by Blork the orc (19 damage)
             ... on level 4 of the Dungeon.
             The game lasted 00:32:05 (5504 turns).

AZSletch the Ducker (Merfolk Summoner)              Turns: 5504, Time: 00:32:08

Health: -3/61      AC: 11    Str: 13    XL:     8   Next: 24%
Magic:  8/14       EV: 15    Int: 15    God:    Sif Muna [*.....]
Gold:   188        SH:  0    Dex: 20    Spells: 6/15 levels left

rFire    + + .     SeeInvis .   o - +4 flail of Ru's Respect {flame, rPois rF+ Will- Dex+6}
rCold    . . .     Faith    .   (no shield)
rNeg     . . .     Spirit   .   q - +2 leather armour {rF+}
rPois    +         Reflect  .   (no helmet)
rElec    .         Harm     .   (no cloak)
rCorr    +         Rampage  .   B - +2 pair of gloves {Str+3}
Will     .....                  c - +2 pair of boots
Stlth    ++........             (no amulet)
HPRegen  0.20/turn              D - ring of resist corrosion
MPRegen  0.14/turn              (no ring)

@: no status effects
A: (nimble swimmer 2), mertail
a: Renounce Religion, Channel Magic


You were on level 4 of the Dungeon.
You worshipped Sif Muna.
Sif Muna was aware of your devotion.
You visited 2 branches of the dungeon, and saw 7 of its levels.
You also visited: Sewer.

You collected 188 gold pieces.

Inventory:

Hand Weapons
 b - a +2 dagger of venom
 o - the +4 flail of Ru's Respect (weapon) {flame, rPois rF+ Will- Dex+6}
   (You found it on level 6 of the Dungeon)

   It burns those it strikes, dealing additional fire damage.
   Dex:       It affects your dexterity (+6).
   rF:        It protects you from fire.
   rPois:     It protects you from poison.
   Will:      It decreases your willpower.
Missiles
 a - 43 poisoned darts
 l - 144 stones (quivered)
 w - 4 silver boomerangs
Armour
 c - a +2 pair of boots (worn)
 q - a +2 leather armour of fire resistance (worn)
 B - a +2 pair of gloves of strength (worn)
Jewellery
 D - a ring of resist corrosion (left hand)
Wands
 i - a wand of polymorph (5)
 C - a wand of flame (11)
Scrolls
 e - 2 scrolls of vulnerability {unknown}
 g - 2 scrolls of amnesia {unknown}
 h - a scroll of teleportation {unknown}
 k - a scroll of silence {unknown}
 p - a scroll of enchant armour {unknown}
 r - a scroll of noise {unknown}
 u - 2 scrolls of magic mapping {unknown}
 v - a scroll of holy word {unknown}
 y - 2 scrolls of identify
 A - a scroll of enchant weapon {unknown}
Potions
 d - 2 potions of curing {unknown}
 f - 2 potions of heal wounds {unknown}
 j - 5 potions of might
 m - a potion of haste {unknown}
 n - a potion of degeneration {unknown}
 s - 3 potions of magic
 t - a potion of brilliance {unknown}
 x - 2 potions of cancellation
 z - a potion of invisibility {unknown}


   Skills:
 + Level 4.5 Fighting
 - Level 1.8 Short Blades
 + Level 6.2 Dodging
 - Level 2.1 Stealth
 + Level 4.4 Spellcasting
 + Level 2.2 Hexes
 + Level 5.9 Summonings


You had 6 spell levels left.
You knew the following spells:

 Your Spells              Type           Power      Damage    Failure   Level
a - Summon Small Mammal   Summ           84%        N/A       1%          1
b - Call Imp              Summ           21%        N/A       3%          2
c - Call Canine Familiar  Summ           21%        N/A       6%          3
d - Tukima's Dance        Hex            10%        N/A       26%         3

Your spell library contained the following spells:

 Spells                   Type           Power      Damage    Failure   Level
 Summon Guardian Golem    Hex/Summ       15%        N/A       12%         3
 Animate Skeleton         Necr           6%         N/A       22%         1
 Freeze                   Ice            12%        1d4       22%         1
 Pain                     Necr           12%        1d4       22%         1
 Frozen Ramparts          Ice            6%         1d2       54%         3
 Vampiric Draining        Necr           1%         2d6       54%         3
 Summon Lightning Spire   Summ/Air       12%        N/A       54%         4
 Hailstorm                Conj/Ice       3%         3d3       91%         4
 Passage of Golubria      Tloc           N/A        N/A       91%         4
 Yara's Violent Unravell  Hex/Tmut       3%         3d4       98%         5


Dungeon Overview and Level Annotations

Branches:
Dungeon (6/15)             Temple (1/1) D:6           Sewer (visited)

Altars:
Ashenzari
Cheibriados
Dithmenos
Elyvilon
Fedhas
Gozag
Hepliaklqana
Kikubaaqudgha
Makhleb
Nemelex Xobeh
Sif Muna
Trog
Vehumet
Xom
Yredelemnul
Zin
The Shining One
Beogh

Annotations:
D:4 Blork the orc
D:5 3 runed translucent doors, Sopaderocas's ghost, novice KoEn


Innate Abilities, Weirdness & Mutations

((You are quick and stealthy near water. (Stealth+, EV+, Speed+++)))
Your lower body shifts to a powerful aquatic tail in water.


Message History

There is an open door here.
You open the door.
There is a bloodstained altar of Trog here.
You open the door.
Blork the orc comes into view.
He is wielding a +7 battleaxe of electrocution.
Blork the orc shouts!
Blork the orc casts a cantrip, but nothing happens.
There is an open door here.
Blork the orc hits you with a +7 battleaxe of electrocution!
You are electrocuted!!
Blork the orc hits your white imp with a +7 battleaxe of electrocution!
Lightning courses through your white imp!
Your white imp dies!
Blork the orc gestures wildly while chanting.
Blork the orc seems to speed up.
Casting: Call Imp (safe; 3% risk of failure)
Confirm with . or Enter, or press ? or * to list all spells.
A beastly little devil appears in a puff of flame.
Blork the orc closely misses you.
Casting: Call Imp (safe; 3% risk of failure)
Confirm with . or Enter, or press ? or * to list all spells.
A shadowy apparition takes form in the air.
Blork the orc barely misses you.
Casting: Call Imp (safe; 3% risk of failure)
Confirm with . or Enter, or press ? or * to list all spells.
A beastly little devil appears in a puff of flame.
Blork the orc completely misses you.
Blork the orc hits your crimson imp with a +7 battleaxe of electrocution!
Your crimson imp dies!
Blork the orc misses you.
Blork the orc hits your shadow imp with a +7 battleaxe of electrocution!
Your shadow imp dies!
You sock Blork the orc! You burn Blork the orc.
Blork the orc is severely wounded.
Blork the orc gestures at you while chanting.
The puff of flame hits you. You resist.
Blork the orc hits you with a +7 battleaxe of electrocution!!
* * * LOW HITPOINT WARNING * * *
You are electrocuted!!
You die...

########
#......#
#......#
#......#
#......####
#.........# #
#....5@##.# #
#.....o##'### #
#.......'_'.###
#
#.###.###+#...#
## # ...
#...#.# #.
..#.# #####.#
#. #..... #.#
#. #..#.# #.#
#. #.....
#.#### #.


You could see Blork the orc (fast, ally target) and a friendly crimson imp
(summoned).

Vanquished Creatures
  A steam dragon (D:6)
  A water moccasin (D:6)
  An ice beast (D:6)
  A black bear (D:6)
  A centaur (D:6)
  A phantom (D:5)
  A scorpion (D:6)
  A howler monkey (D:5)
  A hound (D:4)
  A centaur skeleton (D:5)
  A jelly (D:4)
  Ijyb (D:4)
  An orc wizard (D:4)
  A killer bee zombie (D:5)
  6 adders
  2 gnolls (D:5)
  A white imp (D:5)
  3 worms
  A dart slug (D:1)
  3 orcs
  A ball python (Sewer)
  2 giant cockroaches
  2 goblins
  2 hobgoblins
  5 jackals
  5 kobolds
  2 quokkas
  A bat (D:1)
  A frilled lizard (Sewer)
  2 rats
53 creatures vanquished.

Vanquished Creatures (collateral kills)
  2 ogres (D:5)
  A bullfrog (D:6)
  An orc priest (D:4)
  A gnoll shaman (D:5)
  An iguana (D:4)
  2 orc wizards
  A hound skeleton (D:5)
  A gnoll (D:5)
  3 adders
  4 dart slugs
  6 orcs
  2 bats
  An endoplasm (D:1)
  5 giant cockroaches
  4 goblins
  2 hobgoblins
  5 jackals
  A quokka (D:1)
  7 ball pythons
  3 frilled lizards
  6 kobolds
  2 rats
61 creatures vanquished.

Vanquished Creatures (others)
  11 plants (Sewer)
11 creatures vanquished.

Grand Total: 125 creatures vanquished

Notes
Turn   | Place    | Note
-------+----------+-------------------------------------------
     0 | D:1      | AZSletch the Merfolk Summoner began the quest for the Orb.
     0 | D:1      | Reached XP level 1. HP: 13/13 MP: 3/3
   228 | D:1      | Reached XP level 2. HP: 20/20 MP: 0/5
   249 | D:1      | Learned a level 2 spell: Call Imp
   312 | D:1      | Found a faded altar of an unknown god.
   392 | D:1      | Reached skill level 3 in Dodging
   764 | D:1      | Reached skill level 1 in Fighting
   969 | D:2      | Reached skill level 1 in Short Blades
  1091 | D:2      | Reached XP level 3. HP: 26/26 MP: 0/6
  1440 | D:2      | Learned a level 3 spell: Call Canine Familiar
  1871 | D:3      | Reached XP level 4. HP: 32/32 MP: 2/7
  1939 | D:3      | You fall into a shaft and drop 3 floors!
  2027 | D:6      | Identified the +4 flail of Ru's Respect {flame, rPois rF+
                  | Will- Dex+6}
  2039 | D:6      | Noticed a black bear
  2048 | D:6      | Noticed a scorpion
  2060 | D:6      | Killed a black bear
  2061 | D:6      | Reached skill level 4 in Dodging
  2061 | D:6      | Reached XP level 5. HP: 38/38 MP: 1/9
  2183 | D:6      | Noticed a steam dragon
  2198 | D:6      | Noticed a centaur
  2199 | D:6      | Killed a steam dragon
  2200 | D:6      | Reached XP level 6. HP: 28/46 MP: 1/10
  2223 | D:6      | HP: 2/46 [centaur/arrow (4)]
  2233 | D:6      | HP: 2/46 [centaur (1)]
  2236 | D:6      | Reached skill level 5 in Summonings
  2383 | D:6      | Noticed a water moccasin
  2389 | D:6      | Killed a water moccasin
  2390 | D:6      | Reached skill level 5 in Dodging
  2618 | D:6      | Noticed an ice beast
  2634 | D:6      | Killed an ice beast
  2635 | D:6      | Reached XP level 7. HP: 39/52 MP: 1/12
  2644 | D:6      | Found a staircase to the Ecumenical Temple.
  2656 | Temple   | Entered the Ecumenical Temple
  2907 | Temple   | Became a worshipper of Sif Muna the Loreminder
  3227 | D:5      | Entered Level 5 of the Dungeon
  3260 | D:5      | Found a runed translucent gate.
  3260 | D:5      | Found a runed translucent gate.
  3260 | D:5      | Found a runed translucent gate.
  3260 | D:5      | Noticed Sopaderocas's ghost (novice KoEn)
  3420 | D:5      | Reached skill level 1 in Hexes
  3454 | D:5      | Found a glowing drain.
  3466 | Sewer    | Entered a sewer
  3936 | Sewer    | Reached * piety under Sif Muna
  4403 | D:5      | Reached skill level 6 in Dodging
  4403 | D:5      | Reached XP level 8. HP: 15/60 MP: 1/14
  4839 | D:5      | Found a sparkling altar of Nemelex Xobeh.
  4910 | D:5      | Learned a level 3 spell: Tukima's Dance
  5200 | D:4      | Noticed Ijyb
  5214 | D:4      | Killed Ijyb
  5492 | D:4      | Found a bloodstained altar of Trog.
  5496 | D:4      | Noticed Blork the orc
  5504 | D:4      | Slain by Blork the orc

Illustrated notes

Levels and vault maps discovered:
D:1:      matt_arrival_grand_opening, layout_basic,
          hellmonk_ecumenical_altar_defaced_shrine
D:2:      layout_basic, minivault_11
D:3:      layout_rooms, lemuel_crystal_altar, grunt_ministairs_4, minivault_14,
          serial_park_tiny_2, serial_park_tiny_1, minmay_tree_intersection
D:4:      layout_rooms, kennysheep_mini, serial_glass, glass_columns_a,
          glass_columns_b, glass_columns_b, glass_columns_a, glass_columns_a,
          glass_columns_c, glass_columns_c, glass_columns_a,
          minmay_increasing_density, uniq_blork_the_orc, uniq_ijyb
D:5:      layout_basic, lemuel_doored_altar, portal_sewer_entry_d,
          gammafunk_ghost_nasty_kobolds
D:6:      layout_basic, mainiacjoe_overflow_alcove_4,
          minmay_temple_entry_statues_pillars
Temple:   regret_index_temple_generic_petals

Skill      XL: |  1  2  3  4  5  6  7  8 |
---------------+-------------------------+-----
Dodging        | 3 4 5 6 |  6.2
Fighting       | 1 2 3 4 |  4.5
Short Blades   | 1 |  1.8
Spellcasting   | 3 4 |  4.4
Summonings     | 5 |  5.9
Hexes          | 1 2 |  2.2
Stealth        | |  2.1

Action                   |  1- 3 |  4- 6 |  7- 9 || total
-------------------------+-------+-------+-------++-------
Melee: Dagger            |    34 |    12 |       ||    46
       Unarmed           |     1 |       |       ||     1
       Flail             |       |    14 |    78 ||    92
       Tailslap          |       |       |     2 ||     2
Throw: Stone             |     7 |       |       ||     7
 Cast: Summon Small Mamm |    29 |     4 |     1 ||    34
       Call Imp          |    24 |    17 |    55 ||    96
       Call Canine Famil |       |     1 |    11 ||    12
  Use: Scroll            |       |       |     3 ||     3
 Stab: Distracted        |     1 |       |     4 ||     5
       Sleeping          |     1 |     1 |     2 ||     4
Armor: Robe              |    19 |     1 |       ||    20
       Leather armour    |       |     5 |    29 ||    34
Dodge: Dodged            |    37 |    32 |   101 ||   170
